AoeStats
← SirEscara19

Arabian Desert

510010480Analyzed
1v1 RM · 4d ago on Sep 29, 2026· 53m 27s· 2 players
Game mode
Random Map
Map size
Tiny (2 player)
Population
200
Speed
Normal
Resources
Standard
Victory
Conquest
Starting age
Dark Age
Ending age
Imperial Age
RankedLock teamsTeams togetherTeam positionsShared explorationLock speedFull tech treeHidden civsTurbo modeCheats
Victory
Defeat
🇺🇾 Byzantines · Uruguay
785
+15
🇵🇪 Danes · Peru
770
-15
Lord Kashiri
8:24 Loom
12:01 Feudal Age
15:16 Bloodlines
16:18 Forging
21:58 Castle Age
20:00 Double-Bit Axe
21:16 Gold Mining
24:14 Husbandry
33:01 Imperial Age
35:45 Iron Casting
43:29 Scale Barding Armor
SirEscara19
2:41 Loom
13:34 Feudal Age
14:53 Wheelbarrow
14:06 Double-Bit Axe
21:48 Castle Age
19:38 Horse Collar
20:40 Stone Mining
20:48 Gold Mining
25:12 Bow Saw
24:47 Pikeman
28:43 Heavy Plow
30:25 Hand Cart
31:20 Gold Shaft Mining
30:46 Treadmill Crane
31:19 Fortified Wall
33:04 Murder Holes
33:30 Ballistics
38:14 Imperial Age
37:42 Stone Shaft Mining
39:24 Conscription
39:34 Conscription
39:03 Elite Skirmisher
40:45 Chemistry
41:43 Two-Man Saw
47:36 Cavalier
48:20 Halberdier
49:16 Paladin
51:21 Forging
51:11 Scale Mail Armor
51:18 Scale Barding Armor
51:20 Padded Archer Armor
51:11 Fletching
51:28 Husbandry
52:18 Crop Rotation
Connection lost

Rejoining the realm…

Still unreachable

The connection could not be restored.

Session expired

The server has moved on; the page needs a fresh start.